 Dungeon Crawl Stone Soup version 0.19-a0-1007-g133f65f (webtiles) character file.

81 4thArraOfDagon the Skirmisher (level 4, 0/38 HPs)
             Began as a Draconian Abyssal Knight on July 19, 2016.
             Was a Follower of Lugonu.
             Killed from afar by a dart slug (6 damage)
             ... with a slug dart
             ... on level 3 of the Dungeon.
             The game lasted 00:02:18 (564 turns).

4thArraOfDagon the Skirmisher (DrAK)                 Turns: 564, Time: 00:02:19

Health: 0/38       AC:  5    Str: 13 (14) XL:     4   Next: 20%
Magic:  6/6        EV: 12    Int: 13 (14) God:    Lugonu [*.....]
Gold:   27         SH:  0    Dex:  9 (10) Spells: 0 memorised, 3 levels left

rFire  . . .     SeeInvis .       - Unarmed
rCold  . . .     Gourm    .     (armour unavailable)
rNeg   . . .     Faith    .     (no shield)
rPois  .         Spirit   .     (helmet restricted)
rElec  .         Dismiss  .     (no cloak)
rCorr  .         Reflect  .     (no gloves)
SustAt .         Harm     .     (no boots)
MR     .....                    (no amulet)
Stlth  +.........               (no ring)
                                (no ring)

@: very slightly contaminated, hasted, very quick, not resistant to hostile
enchantments, very unstealthy
A: unfitting armour, cold-blooded, AC +5
a: Depart the Abyss, Renounce Religion


You were on level 3 of the Dungeon.
You worshipped Lugonu.
Lugonu was aware of your devotion.
You were not hungry.

You visited 1 branch of the dungeon, and saw 3 of its levels.
You visited the Abyss 1 time.

You collected 27 gold pieces.

Inventory:

Scrolls
 b - a scroll of amnesia {unknown}
 c - a scroll of fog {unknown}
 d - a scroll of recharging {unknown}
 e - 3 scrolls of remove curse {unknown}
 f - a scroll of identify {unknown}
Potions
 g - a potion of degeneration
Comestibles
 a - 2 bread rations


   Skills:
 - Level 3.2 Fighting
 + Level 2.9 Dodging
 * Level 3.2 Unarmed Combat
 + Level 3.0 Invocations


You had 3 spell levels left.
You didn't know any spells.

Dungeon Overview and Level Annotations

Branches:
Dungeon (3/15)

Altars:
Hepliaklqana

Annotations:
D:3 HAL9000's ghost, amateur DrTm


Innate Abilities, Weirdness & Mutations

Your plain brown scales are hard. (AC +5)
Your body does not fit into most forms of armour.
You are cold-blooded and may be slowed by cold attacks.


Message History

You climb downwards.
Level annotation: HAL9000's ghost, amateur DrTm An adder, 2 jackals and a dart slug come into view.
The jackal barks!
Found 41 gold pieces.
Found an escape hatch in the floor.
There is a stone staircase leading up here.
Unknown command.
Enter note: RIPO The adder hisses angrily.
Unknown command.
The jackal barely misses you.
Unknown command.
The dart slug launches a dart at you. The slug dart hits you!
The jackal barely misses you.
Unknown command.
The adder bites you but does no damage.
Unknown command.
The dart slug launches a dart at you. The slug dart hits you!
You die...

####...# ... ......#
...####....### #
.............# ..
.............####...
......w.............
...............$....
........hh..<.......
#.....@.S..........
##.................
#.................
#..$..............
....>...........$.....
......#######..........
...... .....$....
...... ... ..#


You could see an adder, a dart slug and 2 jackals.

Vanquished Creatures
  A giant frog (D:3)
  A worm (D:2)
  A giant gecko (D:2)
  2 bats (D:1)
  2 giant cockroaches (D:2)
  5 hobgoblins
  3 kobolds (D:1)
  2 rats
17 creatures vanquished.

Vanquished Creatures (others)
  10 starspawn tentacles (Abyss:1)
  6 starspawn tentacle segments (Abyss:1)
16 creatures vanquished.

Grand Total: 33 creatures vanquished

Notes
Turn   | Place    | Note
-------+----------+-------------------------------------------
     0 | Abyss:1  | 4thArraOfDagon the Draconian Abyssal Knight began the quest for the Orb.
     0 | Abyss:1  | Reached XP level 1. HP: 19/19 MP: 2/2
    63 | Abyss:1  | Noticed a tentacled starspawn
    81 | Abyss:1  | Noticed a large abomination
    88 | D:1      | Escaped the Abyss
   289 | D:1      | Reached XP level 2. HP: 26/26 MP: 3/3
   396 | D:3      | Noticed a giant frog
   408 | D:3      | Killed a giant frog
   408 | D:3      | Reached * piety under Lugonu
   408 | D:3      | Reached XP level 3. HP: 9/31 MP: 3/5
   408 | D:3      | Reached XP level 4. HP: 11/38 MP: 3/6
   419 | D:3      | Found a hazy altar of Hepliaklqana.
   432 | D:3      | Noticed HAL9000's ghost (amateur DrTm)
   560 | D:3      | RIPO
   564 | D:3      | Killed from afar by a dart slug

Vault maps used:
D:1:      kilobyte_arrival_exit_the_forest, grunt_decor_mini_mirrors
D:3:      lemuel_round_altar, lemuel_doored_altar, first_bread

Skill      XL: |  1  2 |
---------------+-------+-----
Unarmed Combat | 3 |  3.2
Invocations    | 3 |  3.0
Fighting       | |  3.2
Dodging        | |  2.9

Action                   |  1- 3 |  4- 6 || total
-------------------------+-------+-------++-------
Melee: Unarmed           |    48 |    27 ||    75
       Tailslap          |     4 |     3 ||     7
       Punch             |       |     2 ||     2
Invok: Depart the Abyss  |     1 |       ||     1
  Use: Potion            |       |     4 ||     4
Armor: Skin              |    19 |     6 ||    25
Dodge: Dodged            |    38 |    11 ||    49
